 Dungeon Crawl Stone Soup version 0.21-a0-529-g8c7b3f5 (webtiles) character file.

533336 BingusPrime the End of an Era (level 26, -4/208 HPs)
             Began as a Gnoll Fighter on Dec 6, 2017.
             Was the Champion of Qazlal.
             Slain by a titan zombie (5 damage)
             ... while paralysed by an eldritch tentacle
             ... on level 2 of Gehenna on Dec 10, 2017.
             The game lasted 07:19:24 (73239 turns).

BingusPrime the End of an Era (Gnoll Fighter)      Turns: 73239, Time: 07:19:25

Health: -4/208     AC: 29    Str: 31    XL:     26   Next: 29%
Magic:  0/43       EV:  2    Int: 12    God:    Qazlal [******]
Gold:   3903       SH:  0    Dex: 16    Spells: 54/57 levels left

rFire    + . .     SeeInvis .   V - +7 rapier of Defence {freeze, +Rage MR+}
rCold    + + +     Gourm    .   Y - +2 shield of Resistance {rF+ rC+ MR+}
rNeg     + + +     Faith    .   J - +2 plate armour {MR+}
rPois    ∞         Spirit   +   p - +2 hat of the Bear Spirit {Spirit, +Rage rN+ MR++}
rElec    +         Reflect  +   C - scarf {Spirit}
rCorr    .         Harm     .   Z - +2 pair of gloves {Str+3}
MR       +++++                  g - +2 pair of boots
Stlth    +.........             w - +3 amulet of reflection
HPRegen  0.44/turn              E - ring of Hisar {*Drain rC+++ MR++ EV+2 Dex-3}
MPRegen  0.28/turn              r - ring of Tuje {Wiz Str+6 Dex-3 Slay+3 Stlth+}

@: paralysed, petrified, protected from electricity, hasted and slowed, repel
missiles
A: distributed training, fangs 1, strong nose
}: 2/15 runes: decaying, serpentine
a: Upheaval, Elemental Force, Disaster Area, Renounce Religion, Evoke Berserk
Rage


You were on level 2 of Gehenna.
You worshipped Qazlal.
Qazlal was exalted by your worship.
You were hungry.

You visited 11 branches of the dungeon, and saw 46 of its levels.
You visited 1 bazaar.
You also visited: Ossuary and Bailey.

You collected 6134 gold pieces.
You spent 2231 gold pieces at shops.

Inventory:

Hand Weapons
 V - the +7 rapier of Defence (weapon) {freeze, +Rage MR+}
   (You found it in a bailey)

   It has been specially enchanted to freeze those struck by it, causing extra
   injury to most foes and up to half again as much damage against particularly
   susceptible opponents.
   It can also slow down cold-blooded creatures.
   It affects your resistance to hostile enchantments.
   It lets you go berserk.
Missiles
 a - 28 tomahawks (quivered)
 T - 11 tomahawks of returning
Armour
 g - a +2 pair of boots (worn)
 p - the +2 hat of the Bear Spirit (worn) {Spirit, +Rage rN+ MR++}
   (You bought it in a shop on level 2 of the Snake Pit)

   It protects you from negative energy.
   It affects your resistance to hostile enchantments.
   It lets you go berserk.
 C - a scarf of spirit shield (worn)
 J - a +2 plate armour of magic resistance (worn)
 Y - the +2 shield of Resistance (worn) {rF+ rC+ MR+}
   (You bought it in a shop on level 10 of the Dungeon)

   It protects you from fire.
   It protects you from cold.
   It affects your resistance to hostile enchantments.
 Z - a +2 pair of gloves of strength (worn)
Jewellery
 n - the ring "Ushruis" {rN+ Str+2}
   (You found it on level 3 of the Depths)

   [ring of positive energy]

   It affects your strength (+2).
   It protects you from negative energy.
 r - the ring of Tuje (right hand) {Wiz Str+6 Dex-3 Slay+3 Stlth+}
   (You found it on level 12 of the Dungeon)

   [ring of wizardry]

   It improves your spell success rate.
   It affects your strength (+6).
   It affects your dexterity (-3).
   It affects your accuracy and damage with ranged weapons and melee attacks
   (+3).
   It makes you more stealthy.
 w - a +3 amulet of reflection (around neck)
 E - the ring of Hisar (left hand) {*Drain rC+++ MR++ EV+2 Dex-3}
   (You found it on level 6 of the Dungeon)

   [ring of evasion]

   It affects your evasion (+2).
   It affects your dexterity (-3).
   It renders you almost immune to cold.
   It affects your resistance to hostile enchantments.
   It causes draining when unequipped.
Wands
 j - a wand of scattershot (8)
 N - a wand of paralysis (12)
 S - a wand of disintegration (33)
 X - a wand of clouds (8)
Scrolls
 l - 5 scrolls of magic mapping
 o - 6 scrolls of enchant armour
 s - 8 scrolls of blinking
 v - 17 scrolls of teleportation
 y - 8 scrolls of enchant weapon
 z - 11 scrolls of fear
 A - 9 scrolls of fog
 B - 22 scrolls of remove curse
 K - 4 scrolls of identify
 W - 3 scrolls of summoning
Potions
 e - 10 potions of curing
 m - 4 potions of flight
 q - 4 potions of agility
 D - 4 potions of berserk rage
 G - 2 potions of might
 H - 3 potions of resistance
 I - 3 potions of mutation
 L - 2 potions of cancellation
 M - 2 potions of magic
 R - 2 potions of haste
Books
 i - a book of the Warp

   Spells                             Type                      Level
   a - Gell's Gravitas                Translocation                3
   b - Portal Projectile              Hexes/Translocation          3
   c - Force Lance                    Conjuration/Translocation    4
   d - Dispersal                      Translocation                6
   e - Controlled Blink               Translocation                8
   f - Disjunction                    Translocation                8
 O - the Papyrus of Sinister Magic
   (You found it on level 1 of the Elven Halls)

   Spells                             Type                      Level
   a - Pain                           Necromancy                   1
   b - Corpse Rot                     Necromancy                   2
   c - Regeneration                   Charms/Necromancy            3
   d - Excruciating Wounds            Charms/Necromancy            5
   e - Agony                          Necromancy                   5
 U - the Compendium of the Voyage and the Oath
   (You found it on level 4 of the Swamp)

   Spells                             Type                      Level
   a - Corona                         Hexes                        1
   b - Gell's Gravitas                Translocation                3
   c - Teleport Other                 Translocation                3
   d - Yara's Violent Unravelling     Hexes/Transmutation          5
   e - Controlled Blink               Translocation                8
Miscellaneous
 b - a fan of gales
 c - 3 phantom mirrors
 u - a lamp of fire
 F - a lightning rod (4/4)
 P - the horn of Geryon
Comestibles
 f - 15 bread rations
 k - 9 fruits
 t - 10 royal jellies
 x - 13 meat rations


   Skills:
 + Level 17.1 Fighting
 + Level 16.1 Short Blades
 + Level 16.1 Long Blades
 + Level 16.6 Axes
 + Level 16.1 Maces & Flails
 + Level 16.1 Polearms
 + Level 16.1 Staves
 + Level 16.1 Slings
 + Level 16.1 Bows
 + Level 16.1 Crossbows
 + Level 16.1 Throwing
 + Level 17.1 Armour
 + Level 16.1 Dodging
 + Level 16.1 Stealth
 + Level 17.1 Shields
 + Level 16.1 Unarmed Combat
 + Level 16.1 Spellcasting
 + Level 13.9 Conjurations
 + Level 13.9 Hexes
 + Level 13.9 Charms
 + Level 13.9 Summonings
 + Level 13.9 Necromancy
 + Level 13.9 Translocations
 + Level 13.9 Transmutations
 + Level 13.9 Fire Magic
 + Level 13.9 Ice Magic
 + Level 13.9 Air Magic
 + Level 13.9 Earth Magic
 + Level 13.9 Poison Magic
 + Level 17.4 Invocations
 + Level 16.1 Evocations


You had 54 spell levels left.
You knew the following spells:

 Your Spells              Type           Power        Failure   Level  Hunger
a - Regeneration          Chrm/Necr      #####.....   1%          3    None


Dungeon Overview and Level Annotations

Branches:
Dungeon (15/15)            Temple (1/1) D:4            Lair (6/6) D:10
  Swamp (4/4) Lair:2        Snake (4/4) Lair:4        Slime (0/5) Lair:5
    Orc (2/2) D:11            Elf (3/3) Orc:2        Vaults (4/5) D:13
  Crypt (0/3) Vaults:2     Depths (3/5) D:15           Hell (1/1)
    Dis (0/7) Hell            Geh (3/7) Hell            Coc (0/7) Hell
    Tar (0/7) Hell

Altars:
Ashenzari
Cheibriados
Dithmenos
Elyvilon
Fedhas
Gozag
Hepliaklqana
Kikubaaqudgha
Makhleb
Okawaru
Qazlal
Ru
Sif Muna
Trog
Uskayaw
Vehumet
Wu Jian
Xom
Yredelemnul
Zin
The Shining One

Shops:
D:6 }   D:10 [   Orc:2 }[**(   Elf:1 ?((*   Snake:1 ([[   Snake:2 *[
Snake:4 }=}   Depths:2 (   Depths:3 }%

Portals:
Hell: Depths:1 Depths:2 Depths:3
Abyss: Depths:2
Pandemonium: Orc:2 Depths:1 Depths:2
Ziggurat: Depths:1
Bazaar: Elf:3

Annotations:
D:3 Grinder, Sigmund
D:4 2 transporters
Swamp:3 2 transporters


Innate Abilities, Weirdness & Mutations

Your experience applies equally to all skills.
You have very sharp teeth.
Your uncanny sense of smell can sniff out nearby items.


Message History

The hellion is engulfed in blazing flames.
The hellion hits you but does no damage.
The fire elemental hits you. The fire elemental burns you! You resist.
Your resistance to electricity fades away.
You feel protected from fire.
* * * LOW HITPOINT WARNING * * *
The titan zombie hits you but does no damage.
The eldritch tentacle slaps you but does no damage.
The eldritch tentacle claws you. The eldritch tentacle shocks you!!
Your resistance to fire fades away.
You feel protected from electricity.
* * * LOW HITPOINT WARNING * * *
The fire elemental hits you.
The hellion is engulfed in blazing flames.
The hellion hits you but does no damage.
The eldritch tentacle slaps you!
* * * LOW HITPOINT WARNING * * *
The eldritch tentacle claws you but does no damage.
The titan zombie hits you!
You die...

#...#'###........≈≈
##.##..##..........
###....'..........
#....#....##....
#####..####### #...
##.).####..##### ##.
#.....###..#...##
#..p....#....Z)2##
##.....##....#@E§##
###......####.Z##w..#
#........Z###...§p*.....
..)........#Z...#§§§.§§§
........p.§....##§≈≈§§≈§
............#..# .§§§§§#
§§......#####....§..§§##
.≈......## ....≈§....'
§≈.......## ....E≈..


You could see an eldritch tentacle, a hell knight, a hellion, a fire elemental
and a titan zombie.

Vanquished Creatures
  A caustic shrike (Depths:3)
  Bai Suzhen (Depths:2)
  Geryon (Hell)
  A golden dragon (Depths:3)
  Jory (Depths:3)
  the Enchantress (Depths:1)
  5 Brimstone Fiends
  Jorgrun (Snake:2)
  4 liches
  A Tzitzimitl (Depths:2)
  A tentacled monstrosity (Hell)
  2 deep elf blademasters (Elf:2)
  A deep elf master archer (Elf:3)
  An ancient champion (Depths:3)
  3 sphinxes
  Kirke (D:13)
  A thorn hunter (Swamp:1)
  2 tengu reavers
  A shadow dragon (Hell)
  Agnes (Snake:1)
  8 fire giants
  Donald (Swamp:1)
  Roxanne (Swamp:1)
  10 nagarajas
  8 frost giants
  9 vault wardens
  2 balrugs (Geh:2)
  8 deep elf sorcerers
  Louise (Elf:2)
  A caustic shrike zombie (Depths:2)
  A curse skull (Vaults:2)
  4 deep elf elementalists
  2 spriggan defenders (Depths:1)
  2 caustic shrike skeletons (Depths:2)
  10 ironheart preservers
  2 war gargoyles
  18 very ugly things
  16 reapers
  A vampire knight (Depths:3)
  An entropy weaver (shapeshifter) (D:13)
  10 stone giants
  5 deep elf demonologists
  6 dire elephants (Lair:6)
  Azrael (D:13)
  A spark wasp (Depths:3)
  3 lorocyprocas (Hell)
  9 deep elf annihilators
  A merfolk javelineer (Depths:2)
  14 deep elf death magi
  6 ettins
  A blizzard demon (Hell)
  6 great orbs of eyes
  A kraken zombie (Hell)
  2 deep elf high priests
  9 ogre magi
  5 yaktaur captains
  2 jiangshi (Depths:3)
  7 fire dragons
  The ghost of alcopop the Carver, a journeyman DrWn of Okawaru (D:12)
  A quicksilver dragon zombie (Hell)
  17 vault guards
  13 naga warriors
  24 hydras
  4 rakshasas
  8 ice dragons
  A catoblepas (Lair:6)
  A spriggan air mage (Depths:1)
  2 ghost crabs
  2 death knights
  7 anacondas
  An anaconda (shapeshifter) (D:15)
  24 two-headed ogres
  11 centaur warriors
  2 merfolk aquamancers (Depths:3)
  10 deep troll earth magi
  10 shock serpents
  20 dancing weapons
  6 alligators
  16 hell hogs
  13 deep troll shamans
  9 death yaks
  A tengu warrior (Depths:2)
  A vampire mage (Depths:3)
  10 orc high priests
  5 spriggan berserkers
  5 large abominations
  A titan zombie (Hell)
  3 sun demons
  2 small abominations
  Nergalle (Lair:4)
  21 deep elf knights
  10 naga sharpshooters
  8 soul eaters
  18 hell knights
  2 storm dragon zombies
  A fire crab (shapeshifter) (Vaults:3)
  A titan skeleton (Depths:2)
  4 shadow wraiths
  A ghost moth zombie (Geh:2)
  2 storm dragon skeletons
  2 unseen horrors
  9 skeletal warriors
  19 deep trolls
  A glowing orange brain (Depths:3)
  A death drake (shapeshifter) (Vaults:4)
  A spriggan druid (Swamp:2)
  6 naga ritualists
  5 deep elf archers
  An infernal demonspawn (Orc:2)
  A phantasmal warrior (Geh:2)
  4 flayed ghosts
  2 anaconda zombies (Geh:1)
  2 torturous demonspawn (Orc:2)
  7 wizards
  2 shambling mangroves
  A gelid demonspawn (Orc:2)
  2 orange crystal statues
  13 swamp dragons
  4 golden dragon skeletons
  17 necromancers
  A shadow dragon zombie (Geh:1)
  6 harpies
  2 tengu zombies
  4 mana vipers
  Pikel (D:8)
  20 orc knights
  A lindwurm (shapeshifter) (Vaults:3)
  58 deep elf magi
  3 stone giant zombies
  A wolf spider zombie (D:15)
  9 orc sorcerers
  5 oklob plants (Lair:5)
  4 wolf spiders
  5 frost giant zombies
  18 ironbrand convokers
  32 ugly things
  A sphinx skeleton (Depths:2)
  A tengu skeleton (Depths:2)
  4 fire giant zombies
  5 cyclopes
  A salamander (Snake:4)
  2 human skeletons
  A shadow dragon skeleton (Vaults:3)
  2 iron dragon skeletons
  8 vault sentinels
  A water nymph (shapeshifter) (D:15)
  2 fire giant skeletons
  5 rust devils
  39 black mambas
  8 elephants
  24 naga magi
  2 spriggan zombies (Depths:2)
  2 frost giant skeletons
  Psyche (D:8)
  A shock serpent skeleton (Geh:1)
  2 smoke demons
  3 centaur skeletons
  2 molten gargoyles
  2 gargoyles
  17 spiny frogs
  3 kobold demonologists (D:15)
  8 hellions
  A dire elephant skeleton (Geh:1)
  24 yaktaurs
  A storm dragon simulacrum (Depths:2)
  2 efreet
  2 komodo dragons (Lair:6)
  An anaconda simulacrum (Hell)
  2 rime drakes
  A green draconian zombie (Geh:1)
  5 freezing wraiths
  A komodo dragon (shapeshifter) (Elf:3)
  4 elf skeletons
  A spark wasp simulacrum (Depths:2)
  11 ice devils
  A hellwing (Orc:1)
  4 spriggan skeletons (Depths:2)
  3 tormentors
  3 tengu conjurers (Depths:2)
  A merfolk (Depths:3)
  A troll (shapeshifter) (Vaults:1)
  9 hornets
  2 hydra zombies
  5 tyrant leeches
  15 red devils
  5 trolls
  A harpy zombie (Geh:1)
  3 meliai (D:14)
  A queen bee (D:14)
  4 blink frogs (Lair:6)
  45 slime creatures
  2 tengu simulacra
  10 bog bodies
  An alligator zombie (Hell)
  10 dream sheep
  A hydra skeleton (Hell)
  A blink frog (shapeshifter) (D:15)
  2 meliai zombies (D:13)
  2 frost giant simulacra
  2 fire dragon zombies
  An ice dragon zombie (Geh:2)
  2 air elementals (Elf:2)
  An ettin zombie (Vaults:2)
  16 flying skulls
  7 hippogriffs
  A black mamba zombie (Geh:1)
  6 spriggans
  An alligator skeleton (Hell)
  11 water elementals
  A fire dragon skeleton (Hell)
  9 shadows
  2 tarantellas (shapeshifter)
  2 vampires
  6 wraiths
  An ice dragon skeleton (Geh:1)
  A redback (shapeshifter) (Depths:3)
  2 spriggans (shapeshifter)
  3 wyverns
  50 yaks
  A hog (shapeshifter) (Depths:1)
  3 humans
  21 fire elementals
  Grum (D:7)
  4 basilisks
  5 hogs
  A golden eye (shapeshifter) (Depths:3)
  3 human simulacra
  2 hungry ghosts
  2 spriggan simulacra (Depths:2)
  16 vampire mosquitoes
  Edmund (D:6)
  24 swamp worms
  A hydra simulacrum (Hell)
  30 nagas
  4 wargs
  A naga (shapeshifter) (Vaults:3)
  3 soldier ants
  An acid dragon (D:14)
  A spiny frog zombie (Geh:2)
  A deep troll zombie (Vaults:2)
  6 water moccasins
  28 hell hounds
  4 porcupines
  5 floating eyes (Depths:3)
  10 swamp drakes
  3 slaves (D:8)
  3 sky beasts
  6 phantoms
  62 orc warriors
  A swamp drake (shapeshifter) (D:14)
  An eye of draining (D:14)
  2 snapping turtle zombies
  A black bear (D:11)
  3 spiny frog skeletons
  22 ice beasts
  6 necrophages
  25 ogres
  8 wolves
  11 boggarts
  2 snapping turtle skeletons (Geh:1)
  18 centaurs
  14 crocodiles
  A big kobold (D:15)
  6 elf zombies
  7 bullfrogs
  A wyvern zombie (D:13)
  3 earth elementals
  A gnoll sergeant (D:10)
  5 scorpions
  A water moccasin skeleton (D:10)
  14 killer bees (D:14)
  30 wights
  12 crimson imps
  5 centaur zombies
  An electric eel (D:14)
  6 hounds
  4 human zombies
  A jelly (D:13)
  2 bullfrog zombies
  Crazy Yiuf (D:2)
  2 bullfrog skeletons
  6 iguanas
  39 orc priests
  An iron imp (Depths:1)
  Jessica (D:2)
  32 orc wizards
  7 worker ants
  5 hell rats (Hell)
  A big kobold zombie (Ossuary)
  An ogre zombie (Hell)
  A hound zombie (Ossuary)
  A hound skeleton (D:4)
  3 mummies (Ossuary)
  A worker ant zombie (D:2)
  A howler monkey zombie (D:8)
  9 gnolls
  14 adders
  7 shadow imps
  An ufetubus (Depths:1)
  An ooze (D:4)
  2 adder skeletons
  3 adder zombies (Ossuary)
  3 worms
  2 dart slugs
  4 leopard geckos
  122 orcs
  9 giant cockroaches
  2 gnoll zombies (Ossuary)
  15 goblins
  9 hobgoblins
  3 jackals (D:3)
  12 kobolds
  4 quokkas
  A ball python (D:1)
  7 bats
  8 frilled lizards
  A giant cockroach zombie (D:5)
  5 goblin zombies (Ossuary)
  2 hobgoblin zombies (Ossuary)
  4 jackal zombies (Ossuary)
  5 kobold zombies (Ossuary)
  A leopard gecko skeleton (D:7)
  2 orc zombies (Ossuary)
  A quokka skeleton (D:4)
  5 quokka zombies (Ossuary)
  7 rats
  A crawling corpse (Elf:3)
  3 fire vortices (Geh:1)
  6 plants
  2 tentacles (Hell)
2109 creatures vanquished.

Vanquished Creatures (others)
  A spriggan defender (Depths:2)
  2 stone giants
  Nessos (D:13)
  4 yaktaur captains
  A hydra (Swamp:4)
  A centaur warrior (Depths:2)
  2 naga sharpshooters
  A deep elf knight (Vaults:3)
  4 deep elf archers
  A harpy (Vaults:2)
  A deep elf mage (Vaults:3)
  2 cyclopes
  8 yaktaurs
  A shadow (Geh:3)
  A human (D:13)
  A slave (D:8)
  13 centaurs
  5 wights
  4 orcs
  11 kobolds (Bailey)
  A kobold skeleton (Geh:1)
  4 briar patches (Swamp:1)
  A crawling corpse (Elf:3)
  A fire vortex (Geh:1)
  6 fungi
  9 plants
  2 tentacles (Hell)
89 creatures vanquished.

Grand Total: 2198 creatures vanquished

Notes
Turn   | Place    | Note
-------+----------+-------------------------------------------
     0 | D:1      | BingusPrime the Gnoll Fighter began the quest for the Orb.
     0 | D:1      | Reached XP level 1. HP: 23/23 MP: 1/1
    99 | D:1      | Reached XP level 2. HP: 23/29 MP: 2/2
   373 | D:1      | Reached XP level 3. HP: 35/35 MP: 3/3
   766 | D:2      | Noticed Jessica
   791 | D:2      | Killed Jessica
   791 | D:2      | Reached skill level 1 in Short Blades
   791 | D:2      | Reached skill level 1 in Long Blades
   791 | D:2      | Reached skill level 1 in Maces & Flails
   791 | D:2      | Reached skill level 1 in Polearms
   791 | D:2      | Reached skill level 1 in Staves
   791 | D:2      | Reached skill level 1 in Slings
   791 | D:2      | Reached skill level 1 in Bows
   791 | D:2      | Reached skill level 1 in Crossbows
   791 | D:2      | Reached skill level 1 in Throwing
   791 | D:2      | Reached skill level 1 in Dodging
   791 | D:2      | Reached skill level 1 in Stealth
   791 | D:2      | Reached skill level 1 in Unarmed Combat
   791 | D:2      | Reached skill level 1 in Spellcasting
   791 | D:2      | Reached skill level 1 in Invocations
   791 | D:2      | Reached skill level 1 in Evocations
   791 | D:2      | Reached XP level 4. HP: 21/41 MP: 5/5
  1163 | D:2      | Reached skill level 1 in Conjurations
  1163 | D:2      | Reached skill level 1 in Hexes
  1163 | D:2      | Reached skill level 1 in Charms
  1163 | D:2      | Reached skill level 1 in Summonings
  1163 | D:2      | Reached skill level 1 in Necromancy
  1163 | D:2      | Reached skill level 1 in Translocations
  1163 | D:2      | Reached skill level 1 in Transmutations
  1163 | D:2      | Reached skill level 1 in Fire Magic
  1163 | D:2      | Reached skill level 1 in Ice Magic
  1163 | D:2      | Reached skill level 1 in Air Magic
  1163 | D:2      | Reached skill level 1 in Earth Magic
  1163 | D:2      | Reached skill level 1 in Poison Magic
  1172 | D:2      | Reached XP level 5. HP: 34/47 MP: 6/6
  1543 | D:2      | Found a burning altar of Makhleb.
  1543 | D:2      | Noticed an Executioner
  1546 | D:2      | Noticed a ynoxinul
  1546 | D:2      | Noticed a smoke demon
  1784 | D:2      | Found a runed door.
  1947 | D:2      | Noticed Crazy Yiuf
  1959 | D:2      | Killed Crazy Yiuf
  2544 | D:3      | Reached XP level 6. HP: 53/53 MP: 8/8
  2734 | D:3      | Noticed Grinder
  2736 | D:3      | Noticed Sigmund
  2760 | D:4      | Found a staircase to the Ecumenical Temple.
  2862 | Temple   | Entered the Ecumenical Temple
  2957 | Temple   | Became a worshipper of Qazlal Stormbringer
  3025 | D:4      | Reached skill level 5 in Axes
  3184 | D:4      | Found a transporter.
  3203 | D:4      | Found a transporter.
  3328 | D:4      | Reached XP level 7. HP: 59/59 MP: 10/10
  3986 | D:5      | Entered Level 5 of the Dungeon
  4022 | D:5      | Found a sand-covered staircase.
  4026 | Ossuary  | Entered an ossuary
  4064 | Ossuary  | Reached * piety under Qazlal
  4135 | Ossuary  | Reached XP level 8. HP: 64/67 MP: 12/12
  4268 | Ossuary  | Reached ** piety under Qazlal
  5550 | D:6      | Got a pitted jade ring
  5568 | D:6      | Found Icepneil's Gadget Boutique.
  5571 | D:6      | Identified the ring of Hisar {*Drain rC+++ MR++ EV+2 Dex-3} (You found it on level 6 of the Dungeon)
  5652 | D:6      | Noticed Edmund
  5681 | D:6      | Killed Edmund
  6218 | D:7      | Reached XP level 9. HP: 72/72 MP: 14/14
  6314 | D:7      | Reached *** piety under Qazlal
  6473 | D:7      | Noticed a two-headed ogre
  6517 | D:7      | Killed a two-headed ogre
  6838 | D:7      | Found an iron altar of Okawaru.
  7095 | D:7      | Found a white marble altar of Elyvilon.
  7140 | D:7      | Found a blossoming altar of Fedhas.
  7230 | D:7      | Reached skill level 5 in Invocations
  7499 | D:8      | Noticed Pikel
  7524 | D:8      | Killed Pikel
  7524 | D:8      | Reached XP level 10. HP: 80/80 MP: 15/17
  7540 | D:8      | Noticed Grum
  7744 | D:7      | Killed Grum
  7744 | D:7      | Reached skill level 5 in Short Blades
  7744 | D:7      | Reached skill level 5 in Long Blades
  7744 | D:7      | Reached skill level 5 in Maces & Flails
  7744 | D:7      | Reached skill level 5 in Polearms
  7744 | D:7      | Reached skill level 5 in Staves
  7744 | D:7      | Reached skill level 5 in Slings
  7744 | D:7      | Reached skill level 5 in Bows
  7744 | D:7      | Reached skill level 5 in Crossbows
  7744 | D:7      | Reached skill level 5 in Throwing
  7744 | D:7      | Reached skill level 5 in Dodging
  7744 | D:7      | Reached skill level 5 in Stealth
  7744 | D:7      | Reached skill level 5 in Unarmed Combat
  7744 | D:7      | Reached skill level 5 in Spellcasting
  7744 | D:7      | Reached skill level 5 in Evocations
  7855 | D:8      | Noticed a green ugly thing
  7856 | D:8      | Noticed Psyche
  8324 | D:8      | Killed a green ugly thing
  8449 | D:8      | Killed Psyche
  8457 | D:8      | Found a radiant altar of Vehumet.
  8950 | D:9      | Noticed a two-headed ogre
  8966 | D:9      | Killed a two-headed ogre
  8966 | D:9      | Reached **** piety under Qazlal
  8966 | D:9      | Reached XP level 11. HP: 46/87 MP: 19/19
  9298 | D:9      | Found a sacrificial altar of Ru.
  9300 | D:9      | Found a radiant altar of Vehumet.
 10041 | D:10     | Entered Level 10 of the Dungeon
 10169 | D:10     | Reached skill level 5 in Conjurations
 10169 | D:10     | Reached skill level 5 in Hexes
 10169 | D:10     | Reached skill level 5 in Charms
 10169 | D:10     | Reached skill level 5 in Summonings
 10169 | D:10     | Reached skill level 5 in Necromancy
 10169 | D:10     | Reached skill level 5 in Translocations
 10169 | D:10     | Reached skill level 5 in Transmutations
 10169 | D:10     | Reached skill level 5 in Fire Magic
 10169 | D:10     | Reached skill level 5 in Ice Magic
 10169 | D:10     | Reached skill level 5 in Air Magic
 10169 | D:10     | Reached skill level 5 in Earth Magic
 10169 | D:10     | Reached skill level 5 in Poison Magic
 10265 | D:10     | Found a staircase to the Lair.
 10362 | D:10     | Found Omagoudgh's Antique Armour Boutique.
 11073 | D:11     | Found a flagged portal.
 11223 | Bailey   | Entered a bailey
 11319 | Bailey   | Noticed an orc knight
 11321 | Bailey   | Noticed an orc knight
 11675 | Bailey   | Killed an orc knight
 11701 | Bailey   | Killed an orc knight
 11855 | Bailey   | Got a transparent rapier
 11931 | Bailey   | Identified the +7 rapier of Defence {freeze, +Rage MR+} (You found it in a bailey)
 11957 | D:11     | Reached XP level 12. HP: 95/96 MP: 22/22
 12031 | D:11     | You fall through a shaft for 2 floors!
 12031 | D:13     | Found a gate to the Vaults.
 12031 | D:13     | Noticed a vault guard
 12031 | D:13     | Noticed a vault guard
 12031 | D:13     | Noticed a vault guard
 12031 | D:13     | Noticed a vault guard
 12031 | D:13     | Noticed a vault guard
 12031 | D:13     | Noticed a vault guard
 12031 | D:13     | Noticed a vault guard
 12031 | D:13     | Noticed a vault guard
 12034 | D:13     | Noticed Azrael
 12046 | D:13     | Noticed Kirke
 12081 | D:13     | Noticed a two-headed ogre
 12084 | D:12     | Noticed an eight-headed hydra
 12093 | D:12     | Killed an eight-headed hydra
 12274 | D:12     | Noticed a five-headed hydra
 12280 | D:12     | Killed a five-headed hydra
 12938 | D:11     | Found a staircase to the Orcish Mines.
 13114 | D:10     | Bought the +2 shield of Resistance {rF+ rC+ MR+} for 1068 gold pieces
 13114 | D:10     | Found the +2 shield of Resistance {rF+ rC+ MR+}
 13124 | D:10     | Bought a pair of embroidered gloves for 195 gold pieces
 13374 | D:12     | Noticed alcopop's ghost (journeyman DrWn)
 13610 | Lair:1   | Entered Level 1 of the Lair of Beasts
 14580 | Lair:2   | Found a staircase to the Swamp.
 15097 | Lair:3   | Reached skill level 10 in Fighting
 15097 | Lair:3   | Reached skill level 10 in Armour
 15097 | Lair:3   | Reached skill level 10 in Shields
 15297 | Lair:3   | Noticed a five-headed hydra
 15303 | Lair:3   | Killed a five-headed hydra
 15556 | Lair:3   | Noticed a four-headed hydra
 15563 | Lair:3   | Killed a four-headed hydra
 15563 | Lair:3   | Reached XP level 13. HP: 96/103 MP: 21/24
 16025 | Lair:4   | Noticed Nergalle
 16044 | Lair:4   | Killed Nergalle
 16130 | Lair:4   | Found a staircase to the Snake Pit.
 16235 | Lair:4   | Reached ***** piety under Qazlal
 17285 | Lair:5   | You fall through a shaft!
 17285 | Lair:6   | Entered Level 6 of the Lair of Beasts
 18621 | Lair:5   | Reached XP level 14. HP: 88/111 MP: 21/26
 18867 | Lair:6   | Upgraded the game from 0.21-a0-524-g614d7e5 to 0.21-a0-525-ga34b322
 19462 | Lair:6   | Reached skill level 10 in Axes
 19813 | Lair:6   | Noticed a dire elephant
 19813 | Lair:6   | Noticed a dire elephant
 19825 | Lair:6   | Killed a dire elephant
 19841 | Lair:6   | Killed a dire elephant
 20211 | Lair:6   | Noticed a dire elephant
 20211 | Lair:6   | Noticed a dire elephant
 20218 | Lair:6   | Killed a dire elephant
 20231 | Lair:6   | Killed a dire elephant
 20468 | Lair:6   | Noticed a dire elephant
 20487 | Lair:6   | Killed a dire elephant
 20687 | Lair:6   | Noticed a dire elephant
 20708 | Lair:6   | Killed a dire elephant
 21227 | Lair:5   | Found an ancient bone altar of Kikubaaqudgha.
 21720 | Lair:5   | Found a staircase to the Slime Pits.
 21729 | Lair:5   | Reached skill level 10 in Invocations
 21963 | Lair:5   | You fall through a shaft!
 22326 | Orc:1    | Entered Level 1 of the Orcish Mines
 23158 | Orc:2    | Entered Level 2 of the Orcish Mines
 23460 | Orc:2    | Found a staircase to the Elven Halls.
 23468 | Orc:2    | Found Guisan's Weapon Boutique.
 24067 | Orc:2    | Found Zeluv's General Store.
 24072 | Orc:2    | Found Vomoc's General Store.
 25059 | Orc:2    | Reached XP level 15. HP: 116/119 MP: 28/28
 25493 | Orc:2    | Found Deikkife's Gadget Shop.
 25493 | Orc:2    | Found a one-way gate leading to the halls of Pandemonium.
 25493 | Orc:2    | Found Boyshreadip's Antique Armour Boutique.
 25509 | Orc:2    | Reached ****** piety under Qazlal
 26183 | Swamp:1  | Entered Level 1 of the Swamp
 26412 | Swamp:1  | Noticed a thorn hunter
 26415 | Swamp:1  | Noticed Roxanne
 26440 | Swamp:1  | Killed a thorn hunter
 26544 | Swamp:1  | Reached skill level 10 in Short Blades
 26544 | Swamp:1  | Reached skill level 10 in Long Blades
 26544 | Swamp:1  | Reached skill level 10 in Maces & Flails
 26544 | Swamp:1  | Reached skill level 10 in Polearms
 26544 | Swamp:1  | Reached skill level 10 in Staves
 26544 | Swamp:1  | Reached skill level 10 in Slings
 26544 | Swamp:1  | Reached skill level 10 in Bows
 26544 | Swamp:1  | Reached skill level 10 in Crossbows
 26544 | Swamp:1  | Reached skill level 10 in Throwing
 26544 | Swamp:1  | Reached skill level 10 in Dodging
 26544 | Swamp:1  | Reached skill level 10 in Stealth
 26544 | Swamp:1  | Reached skill level 10 in Unarmed Combat
 26544 | Swamp:1  | Reached skill level 10 in Spellcasting
 26544 | Swamp:1  | Reached skill level 10 in Evocations
 27604 | Swamp:1  | Killed Roxanne
 27607 | Swamp:1  | Identified Roxanne's Collected Works on Transmigration (You took it off Roxanne on level 1 of the Swamp)
 27781 | Swamp:2  | Noticed Donald
 27843 | Swamp:1  | Killed Donald
 28631 | Swamp:2  | Got a slimy bardiche
 29129 | Swamp:2  | Reached XP level 16. HP: 112/127 MP: 26/30
 29444 | Swamp:3  | Found a transporter.
 30010 | Swamp:3  | Found a transporter.
 30259 | Swamp:4  | Entered Level 4 of the Swamp
 30297 | Swamp:4  | Identified the Compendium of the Voyage and the Oath
 32133 | Swamp:4  | Got a decaying rune of Zot
 32870 | Elf:1    | Entered Level 1 of the Elven Halls
 33104 | Elf:1    | Found Jelygg's General Store.
 33208 | Elf:1    | Found Aryedy's Antique Weapon Shop.
 33210 | Elf:1    | Found Pasomperph's Food Shop.
 33218 | Elf:1    | Found Titam's Weapon Shop.
 33218 | Elf:1    | Found Myuxut's Magic Scroll Shop.
 34494 | Elf:1    | Reached XP level 17. HP: 135/135 MP: 32/32
 34608 | Elf:1    | Identified the Papyrus of Sinister Magic
 34868 | Elf:2    | Found an ancient bone altar of Kikubaaqudgha.
 35221 | Elf:2    | Found a runed gate.
 35221 | Elf:2    | Found a runed gate.
 35233 | Elf:2    | Found a runed gate.
 35305 | Elf:2    | Noticed Louise
 35358 | Elf:2    | Killed Louise
 36534 | Elf:3    | Entered Level 3 of the Elven Halls
 36994 | Elf:3    | Found a gateway to a bazaar.
 37983 | Elf:3    | Noticed an Executioner
 38111 | Elf:3    | Noticed a Brimstone Fiend
 38267 | Elf:3    | Noticed an Ice Fiend
 38269 | Elf:3    | Noticed a deep elf blademaster
 38289 | Elf:2    | Killed a deep elf blademaster
 38289 | Elf:2    | Reached skill level 10 in Conjurations
 38289 | Elf:2    | Reached skill level 10 in Hexes
 38289 | Elf:2    | Reached skill level 10 in Charms
 38289 | Elf:2    | Reached skill level 10 in Summonings
 38289 | Elf:2    | Reached skill level 10 in Necromancy
 38289 | Elf:2    | Reached skill level 10 in Translocations
 38289 | Elf:2    | Reached skill level 10 in Transmutations
 38289 | Elf:2    | Reached skill level 10 in Fire Magic
 38289 | Elf:2    | Reached skill level 10 in Ice Magic
 38289 | Elf:2    | Reached skill level 10 in Air Magic
 38289 | Elf:2    | Reached skill level 10 in Earth Magic
 38289 | Elf:2    | Reached skill level 10 in Poison Magic
 38310 | Elf:3    | Reached XP level 18. HP: 104/143 MP: 24/33
 38335 | Elf:3    | Noticed a deep elf master archer
 38340 | Elf:3    | Killed a deep elf master archer
 38346 | Elf:3    | Killed a ghostly deep elf master archer
 38882 | Elf:2    | Identified the amulet "Datzunk" {Harm *Drain rC+ Str+3 Stlth+} (You took it off a deep elf annihilator on level 2 of the Elven Halls)
 39751 | Elf:3    | Noticed a deep elf blademaster
 39787 | Elf:2    | Killed a deep elf blademaster
 40508 | Elf:3    | Learned a level 3 spell: Regeneration
 40741 | Elf:3    | Found the +6 lightning scales {run, rElec}
 41544 | Snake:1  | Entered Level 1 of the Snake Pit
 42087 | Snake:1  | Noticed Agnes
 42102 | Snake:1  | Killed Agnes
 42524 | Snake:1  | Found Oxeen's Antique Weapon Shop.
 42533 | Snake:1  | Found Kusaid's Armour Boutique.
 42534 | Snake:1  | Found Niexzam's Armour Shop.
 42566 | Snake:1  | Bought a +2 hat for 304 gold pieces
 43783 | Snake:2  | Noticed Jorgrun
 43800 | Snake:2  | Killed Jorgrun
 44174 | Snake:2  | Found Nag Mio's Assorted Antiques.
 44644 | Snake:2  | Found Wyneitel's Armour Boutique.
 44652 | Snake:2  | Bought the +2 hat of the Bear Spirit {Spirit, +Rage rN+ MR++} for 664 gold pieces
 44652 | Snake:2  | Found the +2 hat of the Bear Spirit {Spirit, +Rage rN+ MR++}
 45490 | Snake:3  | Reached XP level 19. HP: 149/151 MP: 35/35
 46743 | Snake:4  | Entered Level 4 of the Snake Pit
 46754 | Snake:4  | Paralysed by fainting for 12 turns
 47120 | Snake:4  | Found Tuizaist's Gadget Emporium.
 47121 | Snake:4  | Found Nusyllel's Jewellery Shop.
 47122 | Snake:4  | Found Nivic's Gadget Emporium.
 49051 | Snake:4  | Got a serpentine rune of Zot
 49891 | D:12     | Killed alcopop's ghost
 50090 | D:12     | Identified the ring of Tuje {Wiz Str+6 Dex-3 Slay+3 Stlth+} (You found it on level 12 of the Dungeon)
 50510 | D:13     | Killed Kirke
 50851 | D:13     | Noticed Nessos
 50854 | D:13     | Killed Nessos
 51068 | D:13     | Killed Azrael
 51568 | D:13     | Reached XP level 20. HP: 151/159 MP: 32/36
 51964 | D:14     | Identified the cursed +1 halberd "Joecw" {protect, rElec rPois Stlth+} (You found it on level 14 of the Dungeon)
 52785 | D:15     | Entered Level 15 of the Dungeon
 53246 | D:15     | Found a staircase to the Depths.
 53440 | D:15     | Found a stormy altar of Qazlal.
 54034 | Vaults:1 | Entered Level 1 of the Vaults
 55138 | Vaults:1 | Found a radiant altar of Vehumet.
 55264 | Vaults:1 | Reached XP level 21. HP: 166/166 MP: 38/38
 56407 | Vaults:1 | Upgraded the game from 0.21-a0-525-ga34b322 to 0.21-a0-528-gf531e82
 58317 | Vaults:2 | Found a staircase to the Crypt.
 58663 | Vaults:3 | Reached skill level 15 in Fighting
 58663 | Vaults:3 | Reached skill level 15 in Armour
 58663 | Vaults:3 | Reached skill level 15 in Shields
 58957 | Vaults:3 | Reached skill level 15 in Invocations
 59779 | Vaults:3 | Reached XP level 22. HP: 168/175 MP: 40/40
 60099 | Vaults:3 | Identified the cursed +0 plate armour "Kihemax" {+Blink} (You found it on level 3 of the Vaults)
 61658 | Vaults:4 | Reached skill level 15 in Axes
 62148 | Vaults:4 | Reached XP level 23. HP: 183/183 MP: 41/41
 63333 | Depths:1 | Entered Level 1 of the Depths
 64098 | Depths:1 | Found a gateway to Hell.
 64213 | Depths:1 | Found a gateway to a ziggurat.
 64254 | Depths:1 | Found a flickering gateway to a bazaar.
 64265 | Bazaar   | Entered a bazaar
 64279 | Bazaar   | Found Nuus's Antique Weapon Emporium.
 64279 | Bazaar   | Found Toka's Gadget Shoppe.
 64301 | Bazaar   | Found Ekytaisa's Weapon Emporium.
 64301 | Bazaar   | Found Ebly's General Store.
 64323 | Bazaar   | Found Piro's Gadget Emporium.
 64323 | Bazaar   | Found Icyoff's Antique Armour Shoppe.
 64346 | Bazaar   | Found Icutocw's Assorted Antiques.
 64346 | Bazaar   | Found Bimuniu's Antique Armour Shoppe.
 64808 | Depths:2 | Found a one-way gate to the infinite horrors of the Abyss.
 64815 | Depths:2 | Noticed the Enchantress
 64827 | Depths:1 | Reached XP level 24. HP: 107/191 MP: 19/41
 65087 | Depths:1 | Killed the Enchantress
 65776 | Depths:2 | Reached skill level 15 in Short Blades
 65776 | Depths:2 | Reached skill level 15 in Long Blades
 65776 | Depths:2 | Reached skill level 15 in Maces & Flails
 65776 | Depths:2 | Reached skill level 15 in Polearms
 65776 | Depths:2 | Reached skill level 15 in Staves
 65776 | Depths:2 | Reached skill level 15 in Slings
 65776 | Depths:2 | Reached skill level 15 in Bows
 65776 | Depths:2 | Reached skill level 15 in Crossbows
 65776 | Depths:2 | Reached skill level 15 in Throwing
 65776 | Depths:2 | Reached skill level 15 in Dodging
 65776 | Depths:2 | Reached skill level 15 in Stealth
 65776 | Depths:2 | Reached skill level 15 in Unarmed Combat
 65776 | Depths:2 | Reached skill level 15 in Spellcasting
 65776 | Depths:2 | Reached skill level 15 in Evocations
 66009 | Depths:2 | Found Agedgh's Antique Weapon Shoppe.
 66230 | Depths:2 | Noticed Bai Suzhen
 66254 | Depths:2 | Killed Bai Suzhen
 66293 | Depths:2 | Found an ancient bone altar of Kikubaaqudgha.
 67173 | Depths:2 | Identified the +9 great sword of Kismet {slice, Int+4} (You found it on level 2 of the Depths)
 67752 | Depths:3 | Noticed Jory
 67803 | Depths:3 | Killed Jory
 67978 | Depths:3 | Paralysed by a floating eye for 2 turns
 67984 | Depths:3 | Paralysed by a floating eye for 3 turns
 67988 | Depths:3 | Paralysed by a floating eye for 4 turns
 68035 | Depths:3 | Paralysed by a floating eye for 2 turns
 68273 | Depths:3 | Identified the ring "Opsiuck" {+Fly rElec rC+ Slay-2} (You found it on level 3 of the Depths)
 68346 | Depths:3 | Reached XP level 25. HP: 149/198 MP: 33/42
 68517 | Depths:3 | Paralysed by a floating eye for 4 turns
 68685 | Depths:3 | Upgraded the game from 0.21-a0-528-gf531e82 to 0.21-a0-529-g8c7b3f5
 68694 | Depths:3 | Found Kuirghy's Gadget Emporium.
 68799 | Depths:3 | Found Qieb's Food Emporium.
 68981 | Depths:3 | Paralysed by a floating eye for 4 turns
 69207 | Depths:3 | Identified the ring "Ushruis" {rN+ Str+2} (You found it on level 3 of the Depths)
 69317 | Hell     | Entered the Vestibule of Hell
 69317 | Hell     | Noticed Geryon
 69339 | Hell     | HP: 6/199 [reaper/vampiric scythe (6)]
 69341 | Hell     | Found a gateway to the decaying netherworld of Tartarus.
 69637 | Hell     | Killed Geryon
 70726 | Hell     | Found a gateway to the Iron City of Dis.
 70838 | Hell     | Found a gateway to the ashen valley of Gehenna.
 70966 | Hell     | Found a gateway to the freezing wastes of Cocytus.
 71038 | Hell     | Paralysed by fainting for 9 turns
 71215 | Geh:1    | Entered Level 1 of Gehenna
 72074 | Geh:1    | Reached XP level 26. HP: 111/207 MP: 31/42
 73236 | Geh:2    | Paralysed by an eldritch tentacle for 4 turns
 73238 | Geh:2    | HP: 6/208 [eldritch tentacle[the effects of Hell] (8)]
 73239 | Geh:2    | HP: 1/208 [eldritch tentacle[the effects of Hell] (5)]
 73239 | Geh:2    | Slain by a titan zombie

Vault maps used:
D:1:      dpeg_arrival_windows_large_door, minmay_misc_feat_roman,
          kennysheep_another_room, minivault_25
D:2:      makhleb_altar_promises_db, grunt_decor_one_mirror, uniq_jessica,
          uniq_crazy_yiuf_cottage
D:3:      marbit_many_paths, trog_butcher_becter, uniq_grinder, uniq_sigmund
D:4:      gammafunk_steamed_eel, temple_fountains, first_bread,
          serial_bayou_lake_a
D:5:      nicolae_ossuary_entry_plus
D:6:      serial_shops, kennysheep_mini, uniq_edmund
D:7:      overflow_temple_1_default, okawaru_gym_becter, basic_altar
D:8:      basic_altar, uniq_psyche, uniq_grum, uniq_pikel
D:9:      chequers_temple_overflow_statue_of_worship
D:10:     david_lair_generic, serial_shops, nicolae_shop_stone, grunt_livestock,
          kennysheep_generic_room_7
D:11:     david_orc_4, enter_bailey_2, serial_park_tiny_1, stair_cage_cross,
          minmay_misc_feat_tower
D:13:     erik_vaults_2, hangedman_decor_opposing, uniq_kirke, uniq_azrael,
          uniq_nessos
D:14:     minmay_twisted_water, hangedman_abyss_or_decor_stabs, minivault_7
D:15:     gammafunk_enter_depths_forms, kennysheep_crisscross,
          hangedman_decor_riveting, nicolae_qazlal_general_emergency
Temple:   nicolae_temple_elliptical
Lair:1:   grunt_megastairs_2
Lair:2:   minmay_swamp_entry_worms
Lair:4:   dummy_snake_entry, uniq_nergalle
Lair:5:   minmay_slime_entry_oklob_enclosed, basic_altar, minivault_23
Lair:6:   due_jungle_book, grunt_megastairs_3
Swamp:1:  serial_swamp_ruin, evilmike_swamp_ruin_house_2,
          evilmike_swamp_ruin_house_5, infiniplex_staircase_pool_2, uniq_roxanne
Swamp:2:  nicolae_swamp_fairy_circle, uniq_donald
Swamp:3:  gammafunk_its_a_trap, hangedman_swamp_cone
Swamp:4:  swamp_basic_johnstein, swamp_pool5
Snake:1:  serial_bayou_shore_b, minmay_shop_star, uniq_agnes
Snake:2:  serial_shops, shop, nicolae_shop_crystal, uniq_jorgrun
Snake:3:  nicolae_snake_biting_tails
Snake:4:  snake_pit, minmay_shop_grove, serial_bayou_shore_b
Orc:1:    nicolae_orc_damp_corner, guppyfry_library_mini
Orc:2:    pf_orc_diabolical, serial_shops, shop
Elf:1:    minmay_elf_arrival_circle, serial_shops, shop, minmay_elf_necromancy,
          minmay_shop_grid_forest, minivault_16
Elf:2:    basic_altar, uniq_louise
Elf:3:    minmay_elf_hall_spiked, serial_shops, bzr_entry_safe
Vaults:1: st_check, v_misc_16, nicolae_vaults_twisting_passages,
          hangedman_vaults_locks, nicolae_vaults_little_ls,
          ontoclasm_vaults_bender, ontoclasm_vaults_ring_square,
          ontoclasm_vaults_spin, basic_altar
Vaults:2: vaults_room_hangedman_quadrants, hangedman_vaults_stagger, v_misc_1,
          vaults_dpeg_doors, v_misc_13, v_misc_23,
          minmay_crypt_entry_simple_box, ontoclasm_vaults_pinch,
          hangedman_vaults_restitches, vaults_room_corners
Vaults:3: dpeg_vaults_monster_row, nicolae_vaults_arrows,
          nicolae_vaults_good_morning_starshine, vaults_room_hallway,
          hangedman_vaults_nails, hangedman_vaults_river_flow,
          nicolae_vaults_yaktaur_gun_rack, nicolae_vaults_three_branches,
          vaults_room_semicircle
Vaults:4: v_alt_pattern_1, nicolae_vaults_back_hallway,
          nicolae_vaults_specimen_jars, vaults_mumra_minichess_inversion,
          vaults_room_ringed_pool, v_misc_28, v_misc_33, hangedman_vaults_slice,
          nicolae_vaults_diagonal_hallway_7, nicolae_vaults_little_squares_5
Depths:1: enter_ziggurat_d, serial_shops, bzr_entry_customers,
          grunt_hell_entry_dis_old, minmay_splitting_lines,
          rand_demon_pan_entry_4, minivault_16, spider_trap
Depths:2: evilmike_negative_zone, grunt_pan_entry_sceptre, abyss_entry,
          serial_shops, shop, dk_noncrumbling_2, hell_entry, firewood_loft,
          minmay_staircase_bubble, uniq_bai_suzhen, uniq_enchantress
Depths:3: hangedman_spin_cycle, pan_entry, hell_entry, uniq_jory
Geh:2:    grunt_megastairs_5
Bazaar:   bazaar_long_row
Ossuary:  minmay_ossuary_two_tombs
Bailey:   bailey_axe_4, bailey

Skill      XL: |  1  2  3  4  5  6  7  8  9 10 11 12 13 14 15 16 17 18 19 20 21 22 23 24 25 26 |
---------------+-------------------------------------------------------------------------------+-----
Short Blades   | 1 2 3 4 5 6 7 8 9 10 11 12 13 14 15 16 | 16.1
Long Blades    | 1 2 3 4 5 6 7 8 9 10 11 12 13 14 15 16 | 16.1
Maces & Flails | 1 2 3 4 5 6 7 8 9 10 11 12 13 14 15 16 | 16.1
Polearms       | 1 2 3 4 5 6 7 8 9 10 11 12 13 14 15 16 | 16.1
Staves         | 1 2 3 4 5 6 7 8 9 10 11 12 13 14 15 16 | 16.1
Slings         | 1 2 3 4 5 6 7 8 9 10 11 12 13 14 15 16 | 16.1
Bows           | 1 2 3 4 5 6 7 8 9 10 11 12 13 14 15 16 | 16.1
Crossbows      | 1 2 3 4 5 6 7 8 9 10 11 12 13 14 15 16 | 16.1
Throwing       | 1 2 3 4 5 6 7 8 9 10 11 12 13 14 15 16 | 16.1
Dodging        | 1 2 3 4 5 6 7 8 9 10 11 12 13 14 15 16 | 16.1
Stealth        | 1 2 3 4 5 6 7 8 9 10 11 12 13 14 15 16 | 16.1
Unarmed Combat | 1 2 3 4 5 6 7 8 9 10 11 12 13 14 15 16 | 16.1
Spellcasting   | 1 2 3 4 5 6 7 8 9 10 11 12 13 14 15 16 | 16.1
Invocations    | 1 2 3 4 5 6 7 8 9 10 11 12 13 14 15 16 17 | 17.4
Evocations     | 1 2 3 4 5 6 7 8 9 10 11 12 13 14 15 16 | 16.1
Conjurations   | 1 2 3 4 5 6 7 8 9 10 11 12 13 | 13.9
Hexes          | 1 2 3 4 5 6 7 8 9 10 11 12 13 | 13.9
Charms         | 1 2 3 4 5 6 7 8 9 10 11 12 13 | 13.9
Summonings     | 1 2 3 4 5 6 7 8 9 10 11 12 13 | 13.9
Necromancy     | 1 2 3 4 5 6 7 8 9 10 11 12 13 | 13.9
Translocations | 1 2 3 4 5 6 7 8 9 10 11 12 13 | 13.9
Transmutations | 1 2 3 4 5 6 7 8 9 10 11 12 13 | 13.9
Fire Magic     | 1 2 3 4 5 6 7 8 9 10 11 12 13 | 13.9
Ice Magic      | 1 2 3 4 5 6 7 8 9 10 11 12 13 | 13.9
Air Magic      | 1 2 3 4 5 6 7 8 9 10 11 12 13 | 13.9
Earth Magic    | 1 2 3 4 5 6 7 8 9 10 11 12 13 | 13.9
Poison Magic   | 1 2 3 4 5 6 7 8 9 10 11 12 13 | 13.9
Axes           | 5 6 7 8 9 10 11 12 13 14 15 16 | 16.6
Fighting       | 7 8 9 10 11 12 13 14 15 16 17 | 17.1
Armour         | 7 8 9 10 11 12 13 14 15 16 17 | 17.1
Shields        | 7 8 9 10 11 12 13 14 15 16 17 | 17.1

Action                   |  1- 3 |  4- 6 |  7- 9 | 10-12 | 13-15 | 16-18 | 19-21 | 22-24 | 25-27 || total
-------------------------+-------+-------+-------+-------+-------+-------+-------+-------+-------++-------
Melee: War axe           |    86 |   202 |   487 |    86 |       |       |       |       |       ||   861
       Bite              |     4 |    20 |    59 |   115 |   269 |   262 |   399 |   331 |   340 ||  1799
       Long sword        |       |       |       |   401 |       |       |       |       |       ||   401
       Rapier            |       |       |       |   293 |  1447 |  1531 |  2006 |  1516 |  1437 ||  8230
Throw: Stone             |       |    11 |       |    14 |       |       |       |       |       ||    25
       Tomahawk          |       |     5 |    11 |    49 |   151 |   173 |   296 |   100 |    44 ||   829
 Cast: Regeneration      |       |       |       |       |       |       |     2 |    14 |    12 ||    28
Invok: Upheaval          |       |       |       |     6 |     2 |     6 |    19 |    13 |    10 ||    56
       Disaster Area     |       |       |       |       |     1 |       |       |       |     1 ||     2
Evoke: Wand              |       |       |       |     1 |       |       |       |       |       ||     1
       Lightning rod     |       |       |       |       |       |       |     6 |     8 |       ||    14
  Use: Scroll            |       |     2 |     1 |    17 |     7 |    13 |     7 |     6 |     5 ||    58
       Potion            |       |       |     3 |    12 |     1 |     5 |     2 |     2 |    14 ||    39
 Stab: Petrifying        |       |       |       |       |     1 |       |       |       |       ||     1
       Petrified         |       |       |       |       |     1 |       |       |       |       ||     1
  Eat: Chunk             |       |     8 |     8 |    26 |    32 |    17 |    21 |    17 |     5 ||   134
       Fruit             |       |       |     2 |       |       |    11 |     2 |     3 |       ||    18
       Bread ration      |       |       |     1 |       |     2 |     2 |     2 |     2 |     1 ||    10
       Royal jelly       |       |       |       |     1 |     2 |     4 |     4 |     1 |     4 ||    16
       Meat ration       |       |       |       |       |       |     2 |     1 |       |       ||     3
Armor: Chain mail        |    50 |    87 |     9 |       |       |       |       |       |       ||   146
       Scale mail        |       |       |    70 |       |       |       |       |       |       ||    70
       Plate armour      |       |       |     9 |    26 |   318 |   394 |   272 |   282 |   371 ||  1672
       Ring mail         |       |       |    21 |    85 |       |       |       |       |       ||   106
Dodge: Dodged            |    17 |    36 |   126 |   243 |   339 |   431 |   364 |   449 |   515 ||  2520
       Deflected         |       |       |       |     7 |     8 |    30 |    42 |    21 |     7 ||   115
Block: Shield            |    61 |   117 |   332 |   776 |  1471 |  1611 |  1747 |  1425 |  1634 ||  9174
       Reflection        |       |       |       |    60 |    26 |   106 |   206 |    93 |    14 ||   505
       Rpst.: Long sword |       |       |       |    17 |       |       |       |       |       ||    17

Table legend:
 A = Spawn XP
 B = Non-spawn XP
 C = Spawn XP percentage of total XP
 D = Spawn monster count
 E = Non-spawn monster count
 F = Spawn count percentage of total count
 G = Total turns spent on level
                    A         B        C        D         E        F      G
               +---------+---------+-------+---------+---------+-------+---------
         Total |       0 | 1031949 |   0.0 |       0 |    2149 |   0.0 | 73239
               +---------+---------+-------+---------+---------+-------+---------
           D:1 |       0 |      39 |   0.0 |       0 |      27 |   0.0 |   740
           D:2 |       0 |     236 |   0.0 |       0 |      33 |   0.0 |  1676
           D:3 |       0 |     162 |   0.0 |       0 |      21 |   0.0 |   344
           D:4 |       0 |     601 |   0.0 |       0 |      19 |   0.0 |  1087
           D:5 |       0 |     518 |   0.0 |       0 |      32 |   0.0 |  1030
           D:6 |       0 |     553 |   0.0 |       0 |       9 |   0.0 |  1075
           D:7 |       0 |    2234 |   0.0 |       0 |      25 |   0.0 |  1613
           D:8 |       0 |    2501 |   0.0 |       0 |      21 |   0.0 |   687
           D:9 |       0 |    3259 |   0.0 |       0 |      22 |   0.0 |  1384
          D:10 |       0 |    3713 |   0.0 |       0 |      32 |   0.0 |  1285
          D:11 |       0 |    3709 |   0.0 |       0 |      44 |   0.0 |  1598
          D:12 |       0 |    5956 |   0.0 |       0 |      24 |   0.0 |   949
          D:13 |       0 |   25650 |   0.0 |       0 |      66 |   0.0 |  1388
          D:14 |       0 |   13626 |   0.0 |       0 |      81 |   0.0 |  1442
          D:15 |       0 |   28187 |   0.0 |       0 |      69 |   0.0 |  1426
        Lair:1 |       0 |    2442 |   0.0 |       0 |      12 |   0.0 |   902
        Lair:2 |       0 |    4547 |   0.0 |       0 |      17 |   0.0 |   783
        Lair:3 |       0 |    5934 |   0.0 |       0 |      16 |   0.0 |  1136
        Lair:4 |       0 |    8116 |   0.0 |       0 |      20 |   0.0 |  1678
        Lair:5 |       0 |   14094 |   0.0 |       0 |      39 |   0.0 |  2058
        Lair:6 |       0 |   17912 |   0.0 |       0 |      34 |   0.0 |  2602
       Swamp:1 |       0 |   15682 |   0.0 |       0 |      35 |   0.0 |  1797
       Swamp:2 |       0 |   13313 |   0.0 |       0 |      28 |   0.0 |  1243
       Swamp:3 |       0 |   13300 |   0.0 |       0 |      31 |   0.0 |  1825
       Swamp:4 |       0 |   20071 |   0.0 |       0 |      42 |   0.0 |  1458
       Snake:1 |       0 |   14962 |   0.0 |       0 |      24 |   0.0 |  2400
       Snake:2 |       0 |   20912 |   0.0 |       0 |      31 |   0.0 |  1254
       Snake:3 |       0 |    7422 |   0.0 |       0 |      14 |   0.0 |  2603
       Snake:4 |       0 |   52793 |   0.0 |       0 |      80 |   0.0 |  1762
         Orc:1 |       0 |    5532 |   0.0 |       0 |      40 |   0.0 |  1446
         Orc:2 |       0 |   21908 |   0.0 |       0 |     104 |   0.0 |  2316
         Elf:1 |       0 |   20176 |   0.0 |       0 |      38 |   0.0 |  1839
         Elf:2 |       0 |   55336 |   0.0 |       0 |      63 |   0.0 |  5005
         Elf:3 |       0 |   36343 |   0.0 |       0 |      35 |   0.0 |  1592
      Vaults:1 |       0 |   59574 |   0.0 |       0 |      95 |   0.0 |  3026
      Vaults:2 |       0 |   40418 |   0.0 |       0 |      60 |   0.0 |  2114
      Vaults:3 |       0 |   87661 |   0.0 |       0 |     127 |   0.0 |  2064
      Vaults:4 |       0 |   53507 |   0.0 |       0 |      76 |   0.0 |  1992
      Depths:1 |       0 |   42916 |   0.0 |       0 |      45 |   0.0 |  1661
      Depths:2 |       0 |   80814 |   0.0 |       0 |      90 |   0.0 |  2157
      Depths:3 |       0 |   82922 |   0.0 |       0 |      89 |   0.0 |  1636
          Hell |       0 |   51242 |   0.0 |       0 |      83 |   0.0 |  2375
         Geh:1 |       0 |   47699 |   0.0 |       0 |     115 |   0.0 |   947
         Geh:2 |       0 |   37404 |   0.0 |       0 |      73 |   0.0 |   565
         Geh:3 |       0 |    3737 |   0.0 |       0 |       4 |   0.0 |    35
       Ossuary |       0 |     374 |   0.0 |       0 |      37 |   0.0 |   266
        Bailey |       0 |    1942 |   0.0 |       0 |      27 |   0.0 |   728
               +---------+---------+-------+---------+---------+-------+---------
